 Dungeon Crawl Stone Soup version 0.28.0-49-g6dfe1f597d (webtiles) character file.

Game seed: 7232501858550036958

52 Zeld the Chopper (level 3, 0/33 HPs)
             Began as a Hill Orc Monk on May 12, 2022.
             Slain by a water moccasin skeleton (4 damage)
             ... on level 2 of the Dungeon.
             The game lasted 00:00:58 (1342 turns).

Zeld the Chopper (Hill Orc Monk)                    Turns: 1342, Time: 00:00:58

Health: 0/33       AC:  2    Str: 15    XL:     3   Next: 85%
Magic:  3/3        EV: 12    Int: 10    God:
Gold:   49         SH:  0    Dex: 13    Spells: 2/2 levels left

rFire   . . .      SeeInvis .   a - +0 hand axe
rCold   . . .      Faith    .   (no shield)
rNeg    . . .      Spirit   .   b - +0 robe
rPois   .          Reflect  .   (no helmet)
rElec   .          Harm     .   (no cloak)
rCorr   .          Rampage  .   (no gloves)
Will    .....                   (no boots)
Stlth   ++........              (no amulet)
HPRegen 0.11/turn               (no ring)
MPRegen 0.08/turn               (no ring)

@: no status effects
A: no striking features
a: no special abilities


You were on level 2 of the Dungeon.
You visited 1 branch of the dungeon, and saw 3 of its levels.

You collected 49 gold pieces.

Inventory:

Hand Weapons
 a - a +0 hand axe (weapon)
Armour
 b - a +0 robe (worn)
Scrolls
 c - a scroll of torment {unknown}
 d - 2 scrolls of identify {unknown}
 e - a scroll of enchant weapon {unknown}
 f - a scroll of enchant armour {unknown}
Potions
 g - a potion of berserk rage {unknown}


   Skills:
 * Level 4.2 Fighting
 * Level 4.7 Axes
 * Level 1.6 Armour
 + Level 2.5 Dodging
 + Level 1.9 Stealth


You had 2 spell levels left.
You didn't know any spells.
Your spell library was empty.

Dungeon Overview and Level Annotations

Branches:
Dungeon (3/15)

Altars:

Annotations:
D:3 Grinder


Message History

The goblin shouts!
You hit the water moccasin skeleton.
Your punch misses the water moccasin skeleton.
The water moccasin skeleton is lightly damaged.
The water moccasin skeleton closely misses you.
You closely miss the goblin. You hit the goblin.
The goblin is heavily wounded.
You barely miss the water moccasin skeleton.
The goblin barely misses you. The water moccasin skeleton bites you.
The goblin hits you but does no damage.
You slash the goblin!
You kill the goblin!
You hit the water moccasin skeleton. The water moccasin skeleton bites you.
The water moccasin skeleton bites you but does no damage.
The water moccasin skeleton closely misses you.
Things that are here:
a +0 dagger; a goblin corpse You hit the water moccasin skeleton.
The water moccasin skeleton is lightly damaged.
The water moccasin skeleton bites you.
You hit the water moccasin skeleton.
The water moccasin skeleton is moderately damaged.
The water moccasin skeleton barely misses you.
You closely miss the water moccasin skeleton.
The water moccasin skeleton is moderately damaged.
The water moccasin skeleton bites you. x2
You hit the water moccasin skeleton.
The water moccasin skeleton is moderately damaged.
The water moccasin skeleton bites you.
* * * LOW HITPOINT WARNING * * *
You are too injured to fight recklessly!
You barely miss the water moccasin skeleton.
The water moccasin skeleton is moderately damaged.
The water moccasin skeleton bites you.
* * * LOW HITPOINT WARNING * * *
The water moccasin skeleton bites you.
* * * LOW HITPOINT WARNING * * *
The water moccasin skeleton bites you.
You die...

....###.....†............<.#
...........##...........##.#
#......)...###...[......##.#
#..........# #[...<.....##.#
#..........# #.............#
#..........# #.........#####
#..........##########...#
.............##########.#
............Z@......>...#
#######....#..###.#######
#....##...#.# #....##...#.#
#######...#.# #...#.#
#...#.# ##.##.# ..#.#


You could see a water moccasin skeleton.

Vanquished Creatures
  Jessica (D:2)
  A dart slug (D:2)
  3 ball pythons (D:1)
  3 endoplasms (D:1)
  A giant cockroach (D:1)
  A goblin (D:2)
  2 hobgoblins (D:1)
  2 jackals (D:1)
  A quokka (D:1)
  A frilled lizard (D:1)
  2 kobolds (D:1)
  5 rats
23 creatures vanquished.

Vanquished Creatures (others)
  A plant (D:1)
1 creature vanquished.

Grand Total: 24 creatures vanquished

Notes
Turn   | Place    | Note
-------+----------+-------------------------------------------
     0 | D:1      | Zeld the Hill Orc Monk began the quest for the Orb.
     0 | D:1      | Reached XP level 1. HP: 19/19 MP: 1/1
   192 | D:1      | Reached XP level 2. HP: 26/27 MP: 2/2
   200 | D:1      | Reached skill level 1 in Armour
  1114 | D:2      | Noticed Jessica
  1120 | D:2      | Killed Jessica
  1121 | D:2      | Reached XP level 3. HP: 18/33 MP: 3/3
  1211 | D:2      | Found a faded altar of an unknown god.
  1294 | D:3      | Noticed Grinder
  1342 | D:2      | Slain by a water moccasin skeleton

Illustrated notes

Levels and vault maps discovered:
D:1:      minmay_arrival_radiant_lines, layout_loops_corners, serial_forest,
          infiniplex_forest_lined_room_3, infiniplex_forest_corner_2,
          infiniplex_forest_straight_2, infiniplex_forest_end_3,
          infiniplex_forest_straight_2, infiniplex_forest_clump_small,
          infiniplex_forest_clump_curved, infiniplex_forest_corner_2
D:2:      layout_basic, hellmonk_ecumenical_altar_heavens_door,
          minmay_heptomino_o4, uniq_jessica, uniq_natasha
D:3:      layout_basic, uniq_grinder, uniq_ijyb, uniq_terence, uniq_sigmund

Skill      XL: |  1  2 |
---------------+-------+-----
Armour         | 1 |  1.6
Fighting       | 4 |  4.2
Axes           | |  4.7
Dodging        | |  2.5
Stealth        | |  1.9

Action                   || total
-------------------------++-------
Melee: Hand axe          ||    66
 Stab: Sleeping          ||     3
Armor: Robe              ||     6
Dodge: Dodged            ||    31
